 Dungeon Crawl Stone Soup version 0.31-a0-278-g485e682e34 (webtiles) character file.

Game seed: 16536122305382990265

2594 MacCMillion the Grappler (level 9, -10/81 HPs)
             Began as a Troll Shapeshifter on July 16, 2023.
             Was an Initiate of Okawaru.
             Mangled by Gastronok (25 damage)
             ... on level 8 of the Dungeon.
             The game lasted 00:09:20 (6952 turns).

MacCMillion the Grappler (Troll Shapeshifter)       Turns: 6952, Time: 00:09:21

Health: -10/81     AC:  9    Str: 40    XL:     9   Next: 33%
Magic:  8/8        EV:  9    Int:  4    God:    Okawaru [......]
Gold:   447        SH:  0    Dex: 10    Spells: 8/8 levels left

rFire   . .          .
                       - Unarmed
rCold   . . .        (shield currently unavailable)
rNeg    . . .        a - melded +0 animal skin
rPois   .            (helmet currently unavailable)
rElec   .            (cloak currently unavailable)
rCorr   .            (gloves unavailable)
SInv    .            (boots unavailable)
Will    +....        (no amulet)
Stlth   +            E - +6 ring of strength
HPRegen 1.13/turn    s - ring of willpower
MPRegen 0.11/turn

%: no passive effects
@: snake-form
A: constrict, large, unfitting armour, (claws 3), regeneration 1, (shaggy fur
1), (tough skin 1)
a: Begin Untransformation, Renounce Religion


You were on level 8 of the Dungeon.
You worshipped Okawaru.
Okawaru was noncommittal.
You were an enormous anaconda.
You visited 2 branches of the dungeon, and saw 9 of its levels.
You also visited: Sewer.

You collected 447 gold pieces.

Inventory:

Missiles
 i - 2 throwing nets
 l - 32 poisoned darts
 x - 7 boomerangs
 D - 4 datura-tipped darts
Armour
 a - a +0 animal skin (melded)
Jewellery
 s - a ring of willpower (right hand)
 E - a +6 ring of strength (left hand)
Talismans
 c - a beast talisman
 q - a serpent talisman
Wands
 G - a wand of polymorph (7)
Scrolls
 e - a scroll of torment {unknown}
 f - 10 scrolls of identify {unknown}
 g - a scroll of poison {unknown}
 h - 4 scrolls of enchant weapon {unknown}
 m - 3 scrolls of teleportation {unknown}
 p - 2 scrolls of immolation {unknown}
 r - 2 scrolls of amnesia {unknown}
 t - a scroll of blinking {unknown}
 u - 2 scrolls of noise {unknown}
 w - 3 scrolls of revelation {unknown}
 y - 5 scrolls of enchant armour {unknown}
 C - a scroll of fear {unknown}
Potions
 b - 2 potions of lignification
 d - a potion of ambrosia {unknown}
 j - 4 potions of attraction {unknown}
 k - a potion of haste {unknown}
 n - 2 potions of cancellation {unknown}
 o - a potion of might {unknown}
 v - 3 potions of curing {unknown}
 z - a potion of magic {unknown}
 A - a potion of experience {unknown}
 B - a potion of berserk rage {unknown}
 F - 2 potions of degeneration {unknown}
 H - a potion of invisibility {unknown}


   Skills:
 + Level 1.7 Fighting
 - Level 1.5 Dodging
 - Level 10.0 Unarmed Combat
 + Level 7.5 Shapeshifting


You had 8 spell levels left.
You didn't know any spells.
Your spell library contained the following spells:

 Spells                   Type           Power      Damage    Failure   Level
 Dazzling Flash           Conj/Hex       0%         N/A       86%         3
 Volatile Blastmotes      Fire/Tloc      0%         2d10      86%         3
 Starburst                Conj/Fire      0%         6d3       100%        6
 Maxwell's Capacitive Co  Air            0%         ∞         100%        8


Dungeon Overview and Level Annotations

Branches:
Dungeon (8/15)             Temple (1/1) D:7           Sewer (visited)
   Lair: D:8-11

Altars:
Ashenzari
Cheibriados
Fedhas
Gozag
Kikubaaqudgha
Makhleb
Okawaru
Ru
Trog
Uskayaw
Vehumet
Wu Jian
Xom
Zin

Annotations:
D:3 3 runed translucent doors, RichitheSlayer's ghost, amateur HOFi
D:8 Gastronok


Innate Abilities, Weirdness & Mutations

You are an enormous anaconda.
You have a powerful constriction melee attack.
Your armour is entirely melded.
You are incapable of wielding weapons or throwing items.
You are too large for most types of armour.
((You have claws for hands.))
Your natural rate of healing is unusually fast.
((You are covered in fur. (AC +1)))
((You have tough skin. (AC +1)))


Message History

Gastronok bites you!!
You lash Gastronok!
Gastronok is moderately wounded.
You hit Gastronok but do no damage.
Gastronok is moderately wounded.
Gastronok casts a spell at you. You resist with significant effort.
You hit Gastronok.
Gastronok is moderately wounded.
You lash Gastronok!
Gastronok is moderately wounded.
You body-slam Gastronok!!
Gastronok is heavily wounded.
Gastronok waves his eye-stalks in wide circles.
The air twists around and strikes you!!
You hit Gastronok but do no damage.
Gastronok is heavily wounded.
You hit Gastronok but do no damage.
Gastronok is heavily wounded.
Gastronok bites you!
* * * LOW HITPOINT WARNING * * *
You body-slam Gastronok!!
Gastronok is heavily wounded.
You lash Gastronok!
Gastronok is severely wounded.
You completely miss Gastronok.
Gastronok is severely wounded.
Gastronok bites you!
* * * LOW HITPOINT WARNING * * *
You hit Gastronok.
Gastronok is severely wounded.
You hit Gastronok.
Gastronok is severely wounded.
Gastronok barely misses you.
You hit Gastronok but do no damage.
Gastronok is severely wounded.
You hit Gastronok.
Gastronok is severely wounded.
Gastronok bites you!!
You die...

. ..#####
.......######
...........#
.........#
#......#
#wS<...#
#...#?####
###.#.# #.#.#
#.#.# #.#.#
#...# .....


You could see Gastronok.

Vanquished Creatures
  A black bear (D:6)
  2 ice beasts
  3 orc warriors
  2 sky beasts (D:7)
  An ogre (D:6)
  A phantom (D:4)
  3 kobold brigands
  A gnoll sergeant (D:7)
  A bullfrog (D:7)
  4 scorpions
  6 wights (D:7)
  3 hounds
  5 orc priests
  A sleepcap (D:4)
  A gnoll bouda (D:7)
  3 iguanas
  3 orc wizards
  12 adders
  8 gnolls
  2 river rats
  A white imp (D:6)
  4 ufetubi
  4 worms
  4 dart slugs
  21 orcs
  8 bats
  8 endoplasms
  2 giant cockroaches
  7 goblins
  6 hobgoblins
  3 quokkas
  13 ball pythons
  5 frilled lizards
  14 kobolds
  9 rats
172 creatures vanquished.

Notes
Turn   | Place    | Note
-------+----------+-------------------------------------------
     0 | D:1      | MacCMillion the Troll Shapeshifter began the quest for the
                  | Orb.
     0 | D:1      | Reached XP level 1. HP: 19/19 MP: 0/0
    67 | D:1      | Reached XP level 2. HP: 27/27 MP: 1/1
   176 | D:1      | Reached skill level 3 in Unarmed Combat
   470 | D:2      | Reached XP level 3. HP: 29/33 MP: 2/2
   712 | D:2      | Reached skill level 4 in Unarmed Combat
   831 | D:2      | Reached XP level 4. HP: 41/41 MP: 3/3
  1368 | D:3      | Found a runed translucent gate.
  1369 | D:3      | Found a runed translucent gate.
  1369 | D:3      | Found a runed translucent gate.
  1601 | D:3      | Reached skill level 5 in Unarmed Combat
  1887 | D:3      | Noticed RichitheSlayer's ghost (amateur HOFi)
  1951 | D:4      | Reached XP level 5. HP: 38/48 MP: 4/4
  1968 | D:4      | Found a glowing drain.
  1984 | D:4      | Reached skill level 6 in Unarmed Combat
  1985 | Sewer    | Entered a sewer
  2144 | Sewer    | Reached XP level 6. HP: 46/55 MP: 5/5
  2868 | Sewer    | Reached skill level 7 in Unarmed Combat
  3019 | D:4      | HP: 1/55 [ball python (2)]
  3029 | D:4      | Reached XP level 7. HP: 5/62 MP: 6/6
  3099 | D:4      | Reached skill level 8 in Unarmed Combat
  3687 | D:5      | Entered Level 5 of the Dungeon
  3807 | D:5      | Reached skill level 9 in Unarmed Combat
  4070 | D:5      | Found a glowing silver altar of Zin.
  4689 | D:6      | Reached XP level 8. HP: 42/70 MP: 7/7
  5050 | D:6      | Reached skill level 10 in Unarmed Combat
  5249 | D:6      | Found a blossoming altar of Fedhas.
  5449 | D:6      | Reached skill level 5 in Shapeshifting
  6026 | D:7      | Reached XP level 9. HP: 61/76 MP: 8/8
  6131 | D:7      | HP: 2/76 [gnoll/+0 spear[a gnoll sergeant] (3)]
  6332 | D:7      | Found a staircase to the Ecumenical Temple.
  6344 | Temple   | Entered the Ecumenical Temple
  6406 | Temple   | Became a worshipper of Warmaster Okawaru
  6796 | D:7      | Found a broken altar of Ashenzari.
  6933 | D:8      | Noticed Gastronok
  6952 | D:8      | Mangled by Gastronok

Illustrated notes

Levels and vault maps discovered:
D:1:      spicycebolla_green_bress_n_ham, layout_rooms, minmay_domino_4
D:2:      minmay_chambers_of_twos, layout_basic
D:3:      layout_basic, gammafunk_ghost_necromancy
D:4:      layout_basic, cheibrodos_sewer_entry_sluice
D:5:      layout_basic, general_overflow_altar
D:6:      wander_river, layout_loops_corners,
          mainiacjoe_overflow_surrounded_room, lexackson_kobold_supper
D:7:      layout_gridville, cheibrodos_ashenzari_chains,
          minmay_temple_entry_stoned_glass
D:8:      layout_basic, nicolae_overflow_hidden_temple, lemuel_crystal_altar,
          chequers_temple_overflow_minitemple,
          nicolae_concentric_dashed_squares_wild, dreamdust_gnoll_shepherd,
          uniq_gastronok, uniq_joseph
Temple:   nicolae_temple_bog_church

Skill      XL: |  1  2  3  4  5  6  7  8  9 |
---------------+----------------------------+-----
Unarmed Combat | 3 4 5 6 7 9 10 | 10.0
Shapeshifting  | 6 7 |  7.5
Fighting       | |  1.7
Dodging        | |  1.5

Action                     |  1- 3 |  4- 6 |  7- 9 || total
---------------------------+-------+-------+-------++-------
  Melee: Unarmed           |    73 |   142 |   197 ||   412
         Punch             |     1 |     2 |     9 ||    12
  Throw: Dart              |       |       |     4 ||     4
 Armour: Animal skin       |    27 |    46 |    26 ||    99
  Dodge: Dodged            |    22 |    63 |    62 ||   147
   Form: Anaconda          |       |       |     1 ||     1

Table legend: (Time is in decaauts)
 A = Elapsed time spent in this place.
 B = Non-inter-level travel time spent in this place.
 C = Inter-level travel time spent in this place.
 D = Time resting spent in this place.
 E = Time spent auto-exploring this place.
 F = Levels seen in this place.
 G = Mean time per level.
                   A        B        C        D        E       F      G
               +--------+--------+--------+--------+--------+-----+--------+
         Total |   6894 |   6727 |    167 |    917 |   4551 |  10 |  689.4 |
       Dungeon |   5805 |   5638 |    167 |    459 |   4159 |   8 |  725.6 |
        Temple |     74 |     74 |      0 |      0 |     36 |   1 |   74.0 |
         Sewer |   1014 |   1014 |      0 |    458 |    356 |   1 | 1014.0 |
               +--------+--------+--------+--------+--------+-----+--------+

Top non-repeatable levels by time:
     D:6: 1265 daAuts
   Sewer: 1014 daAuts
     D:7: 999 daAuts
     D:5: 877 daAuts
     D:4: 757 daAuts
     D:3: 754 daAuts
     D:2: 709 daAuts
     D:1: 426 daAuts
  Temple: 74 daAuts
     D:8: 15 daAuts
